 Dungeon Crawl Stone Soup version 0.26.0-16-gc1dbca0489 (webtiles) character file.

Game seed: 4793614770777708502

1468 iamoutofideas the Firebug (level 8, -4/52 HPs)
             Began as a Demonspawn Fire Elementalist on Jan 20, 2021.
             Killed by divine providence
             ... invoked by an orc priest
              (12 damage)
             ... on level 6 of the Dungeon.
             The game lasted 00:17:30 (7869 turns).

iamoutofideas the Firebug (DsFE)                    Turns: 7869, Time: 00:17:30

Health: -4/52      AC:  2    Str:  9    XL:     8   Next: 48%
Magic:  1/16       EV: 12    Int: 19    God:
Gold:   248        SH:  6    Dex: 13    Spells: 5/18 levels left

rFire    + . .     SeeInvis .   y - +2 short sword (drain)
rCold    . . .     Faith    .   (no shield)
rNeg     . . .     Spirit   .   a - +0 robe
rPois    .         Reflect  .   (helmet restricted)
rElec    .         Harm     .   (no cloak)
rCorr    .         Rampage  .   (no gloves)
Will     .....                  (no boots)
Stlth    +++.......             u - amulet of magic regeneration
HPRegen  0.17/turn              h - ring of wizardry
MPRegen  0.40/turn              i - ring of stealth

@: no status effects
A: antennae 1, large bone plates 2, fire resistance 1
a: no special abilities


You were on level 6 of the Dungeon.
You visited 1 branch of the dungeon, and saw 6 of its levels.

You collected 248 gold pieces.

Inventory:

Hand Weapons
 w - a +0 vorpal war axe
 y - a +2 short sword of draining (weapon)
Armour
 a - a +0 robe (worn)
 v - a +0 leather armour
 z - a cursed +0 kite shield
Magical Staves
 l - an uncursed staff of earth
Jewellery
 h - a ring of wizardry (left hand)
 i - a ring of stealth (right hand)
 u - an amulet of magic regeneration (around neck)
Wands
 f - a wand of enslavement (10)
Scrolls
 b - 6 scrolls of teleportation
 d - 4 scrolls of remove curse
 g - 3 scrolls of random uselessness {unknown}
 j - 3 scrolls of enchant armour
 k - 4 scrolls of enchant weapon
 o - 3 scrolls of fear {unknown}
 r - a scroll of immolation
 t - 2 scrolls of amnesia
Potions
 c - a potion of mutation {unknown}
 e - a potion of ambrosia
 m - a potion of berserk rage
 n - 2 potions of lignification
 p - 3 potions of curing
 q - a potion of cancellation {unknown}
 x - a potion of brilliance {unknown}


   Skills:
 - Level 1.7 Dodging
 - Level 1.9 Stealth
 + Level 5.8 Spellcasting
 + Level 6.0 Conjurations
 + Level 6.2 Fire Magic


You had 5 spell levels left.
You knew the following spells:

 Your Spells              Type           Power        Failure   Level
a - Foxfire               Conj/Fire      100%         1%          1
b - Sticky Flame          Conj/Fire      28%          3%          4
c - Fireball              Conj/Fire      14%          11%         5
d - Conjure Flame         Conj/Fire      28%          1%          3

Your spell library contained the following spells:

 Spells                   Type           Power        Failure   Level
 Inner Flame              Hex/Fire       17%          4%          3


Dungeon Overview and Level Annotations

Branches:
Dungeon (6/15)
 Temple: D:4-7

Altars:
Dithmenos
Sif Muna
Xom
The Shining One

Annotations:
D:3 Sigmund
D:4 exclusion: downstairs


Innate Abilities, Weirdness & Mutations

You have a pair of small antennae on your head.
You are mostly covered in large bone plates. (SH +6)
Your flesh is heat resistant. (rF+)


Message History

Confirm with . or Enter, or press ? or * to list all spells.
You conjure some foxfire!
The foxfire hits the orc warrior but does no damage.
The orc warrior is almost dead.
The foxfire hits the orc warrior.
You kill the orc warrior!
The orc priest calls down the wrath of Beogh upon you.
Beogh smites you!
* * * LOW HITPOINT WARNING * * *
Your Conjurations skill increases to level 6!
Unknown command.
Your foxfire dissipates!
The foxfire hits the orc priest.
The orc priest is moderately wounded.
Casting: Foxfire (safe; 1% risk of failure)
Confirm with . or Enter, or press ? or * to list all spells.
You conjure some foxfire!
The orc priest calls down the wrath of Beogh upon you.
Beogh smites you!
You die...

.....#......# ##§###.....))......
.....#...^..###.§§##....#####...#
............§#§#.#.#....# #...+
............§§§._§§.....# #...#
.............#§#.#.#....# .....#
..##.....†...##§§§##....##......#
..##.........#.#§###....##......#
..##.........#<.v.##....##......#
..##.........##.@o......##.....##
...(............v)...###########
..............#.._..##
........#####.#.....# ........#
###.......# ........# #.......###
........# #.......# ........#
#.......# ..####### #####+#.#


You could see an orc priest.

Vanquished Creatures
  An orc warrior (D:6)
  A phantom (D:5)
  A necrophage (D:4)
  3 ogres
  A centaur (D:5)
  A bullfrog (D:6)
  A howler monkey (D:6)
  2 orc priests (D:5)
  7 orc wizards (D:5)
  An iguana (D:4)
  Terence (D:2)
  Jessica (D:4)
  5 worker ants
  A hound skeleton (D:4)
  6 gnolls
  8 adders (D:2)
  2 white imps (D:5)
  4 oozes
  An ufetubus (D:5)
  An adder skeleton (D:4)
  A worm (D:2)
  A dart slug (D:1)
  6 leopard geckos
  16 orcs
  7 giant cockroaches
  11 goblins
  5 hobgoblins
  15 jackals
  3 quokkas
  5 ball pythons
  5 bats
  2 frilled lizards
  5 kobolds
  A leopard gecko skeleton (D:6)
  A quokka zombie (D:6)
  5 rats
138 creatures vanquished.

Vanquished Creatures (others)
  484 foxfires
484 creatures vanquished.

Grand Total: 622 creatures vanquished

Notes
Turn   | Place    | Note
-------+----------+-------------------------------------------
     0 | D:1      | iamoutofideas the Demonspawn Fire Elementalist began the
                  | quest for the Orb.
     0 | D:1      | Reached XP level 1. HP: 13/13 MP: 3/3
   390 | D:1      | Gained mutation: You are partially covered in large bone
                  | plates. (SH +4) [demonic ancestry]
   390 | D:1      | Reached XP level 2. HP: 19/19 MP: 0/5
   882 | D:1      | Reached XP level 3. HP: 14/24 MP: 0/6
  1809 | D:2      | Gained mutation: Your flesh is heat resistant. (rF+)
                  | [demonic ancestry]
  1809 | D:2      | Reached XP level 4. HP: 13/30 MP: 0/8
  2342 | D:2      | Noticed Terence
  2380 | D:2      | Killed Terence
  2536 | D:2      | Found a faded altar of an unknown god.
  2592 | D:2      | Reached XP level 5. HP: 24/35 MP: 3/9
  2890 | D:2      | You fall into a shaft and drop 2 floors!
  2929 | D:3      | Noticed Sigmund
  3140 | D:3      | Noticed Jessica
  3150 | D:4      | HP: 1/35 [Jessica/+0 dagger (1)]
  3156 | D:4      | Killed Jessica
  3459 | D:4      | Learned a level 4 spell: Sticky Flame
  3465 | D:4      | Learned a level 5 spell: Fireball
  4401 | D:4      | Gained mutation: You are mostly covered in large bone
                  | plates. (SH +6) [demonic ancestry]
  4401 | D:4      | Reached XP level 6. HP: 28/41 MP: 3/11
  5084 | D:4      | Reached XP level 7. HP: 46/46 MP: 10/13
  5618 | D:5      | Entered Level 5 of the Dungeon
  5632 | D:5      | Reached skill level 5 in Fire Magic
  5766 | D:5      | Reached skill level 5 in Conjurations
  5793 | D:5      | Reached skill level 5 in Spellcasting
  6008 | D:5      | Gained mutation: You have a pair of small antennae on your
                  | head. [demonic ancestry]
  6008 | D:5      | Reached XP level 8. HP: 22/52 MP: 5/15
  6528 | D:5      | Found a glowing golden altar of the Shining One.
  6746 | D:5      | Found a shimmering altar of Xom.
  7441 | D:6      | Found a shimmering blue altar of Sif Muna.
  7441 | D:6      | Found a shadowy altar of Dithmenos.
  7577 | D:6      | Learned a level 3 spell: Conjure Flame
  7869 | D:6      | Killed from afar by an orc priest

Illustrated notes

Levels and vault maps discovered:
D:1:      sevenhm_arrival_forest_fort_small_6, layout_basic, minmay_box_of_dots
D:2:      layout_loops_ring, chequers_ecumenical_altar_simple, uniq_terence
D:3:      layout_loops_cross, elyvilon_altar_1, uniq_sigmund, uniq_jessica
D:4:      layout_basic
D:5:      layout_basic, tgw_xom, kennysheep_little_box, serial_glass,
          glass_columns_a, glass_columns_c, item_on_display_a,
          minmay_strange_pillars, item_on_display_a, feat_on_display
D:6:      layout_basic, basic_altar, grunt_dithmenos_smoke_and_mirrors

Skill      XL: |  1  2  3  4  5  6  7  8 |
---------------+-------------------------+-----
Fire Magic     | 3 4 5 6 |  6.2
Conjurations   | 2 3 4 5 6 |  6.0
Spellcasting   | 3 4 5 |  5.8
Dodging        | |  1.7
Stealth        | |  1.9

Action                   |  1- 3 |  4- 6 |  7- 9 || total
-------------------------+-------+-------+-------++-------
Melee: Short sword       |    23 |    23 |    25 ||    71
       Staff             |       |    12 |       ||    12
 Cast: Foxfire           |    53 |   155 |   118 ||   326
       Fireball          |       |       |    14 ||    14
       Sticky Flame      |       |       |     2 ||     2
  Use: Potion            |       |     2 |       ||     2
       Scroll            |       |     1 |    10 ||    11
 Stab: Sleeping          |       |     1 |       ||     1
Armor: Robe              |    15 |    16 |     4 ||    35
Dodge: Dodged            |    35 |    57 |    24 ||   116
Block: Other             |     8 |    17 |    19 ||    44
